 Dungeon Crawl Stone Soup version 0.29.1-2-gbd0b4ee654 (webtiles) character file.

Game seed: 13503012870813600923

22668 croobank the Fighter (level 12, -2/97 HPs)
             Began as a Demonspawn Conjurer on Oct 29, 2022.
             Was an Initiate of Gozag.
             Slain by an anaconda simulacrum (15 damage)
             ... in an ice cave.
             The game lasted 01:33:28 (20304 turns).

croobank the Fighter (Demonspawn Conjurer)         Turns: 20304, Time: 01:33:29

Health: -2/97      AC:  9    Str:  7    XL:     12   Next: 65%
Magic:  4/24       EV: 15    Int: 30    God:    Gozag
Gold:   2454       SH:  0    Dex: 12    Spells: 6/28 levels left

rFire   . . .      SeeInvis +   q - +3 war axe
rCold   + . .      Faith    .   (no shield)
rNeg    . . .      Spirit   .   e - +0 leather armour
rPois   .          Reflect  .   (helmet restricted)
rElec   +          Harm     .   f - +2 cloak
rCorr   .          Rampage  .   t - +2 pair of gloves
Will    +....                   (no boots)
Stlth   +.........              (no amulet)
HPRegen 0.26/turn               h - ring of protection from cold
MPRegen 0.19/turn               H - ring "Kaecisif" {rElec Will+ Int+5 SInv}

@: gold aura, constricted, repel missiles, very slow
A: horns 1, repulsion field 3, demonic guardian 1
a: Renounce Religion, Potion Petition, Call Merchant, Bribe Branch


You were in an ice cave.
You worshipped Gozag.
Gozag was most pleased with you.
You visited 2 branches of the dungeon, and saw 13 of its levels.
You also visited: Ice Cave.

You collected 2775 gold pieces.
You spent 237 gold pieces at shops.
You paid 84 gold pieces to Gozag.

Inventory:

Hand Weapons
 d - a +4 trident
 o - a +4 short sword
 q - a +3 war axe (weapon)
 u - a +2 flail of protection
 y - a +0 broad axe
 E - a +3 falchion
 G - a +4 dagger
 K - a +2 dire flail of protection
 N - the +7 morningstar "Fionnaun" {speed, +Blink Str-5 Int+2 Stlth+}
   (You found it on level 9 of the Dungeon)

   Attacks with this weapon are significantly faster.
   Str:       It affects your strength (-5).
   Int:       It affects your intelligence (+2).
   +Blink:    It lets you blink.
   Stlth:     It makes you more stealthy.
Missiles
 x - 5 atropa-tipped darts
 B - 5 throwing nets
 C - 3 javelins
 W - 2 datura-tipped darts
Armour
 e - a +0 leather armour (worn)
 f - a +2 cloak (worn)
 i - a +1 robe of willpower
 s - a +0 ring mail of cold resistance
 t - a +2 pair of gloves (worn)
Magical Staves
 g - a staff of death
 O - a staff of air
Jewellery
 h - a ring of protection from cold (left hand)
 k - a ring of wizardry
 H - the ring "Kaecisif" (right hand) {rElec Will+ Int+5 SInv}
   (You found it on level 10 of the Dungeon)

   [ring of willpower]

   Int:       It affects your intelligence (+5).
   rElec:     It insulates you from electricity.
   SInv:      It lets you see invisible.
   Will:      It increases your willpower.
 L - a ring of wizardry
 P - a ring of positive energy
 R - a ring of resist corrosion
Wands
 a - a wand of flame (21)
 m - a wand of quicksilver (1)
 D - a wand of polymorph (6)
 F - a wand of paralysis (3)
 J - a wand of mindburst (4)
 S - a wand of iceblast (5)
Scrolls
 b - a scroll of vulnerability
 l - a scroll of amnesia
 n - 2 scrolls of magic mapping
 r - 2 scrolls of identify
 z - 2 scrolls of teleportation
 I - a scroll of poison
 U - a scroll of blinking
 V - 2 scrolls of immolation
Potions
 c - 4 potions of attraction
 j - a potion of ambrosia
 p - a potion of heal wounds
 v - 4 potions of flight
 w - a potion of berserk rage
 A - a potion of curing
 M - a potion of mutation
 Q - a potion of lignification
 T - a potion of magic


   Skills:
 + Level 9.7 Fighting
 + Level 7.6 Dodging
 - Level 2.6 Stealth
 + Level 8.7 Spellcasting
 + Level 7.7 Conjurations
 - Level 7.0 Hexes
 + Level 8.9 Summonings
 + Level 6.1 Air Magic


You had 6 spell levels left.
You knew the following spells:

 Your Spells              Type           Power      Damage    Failure   Level
a - Magic Dart            Conj           100%       1d8       1%          1
b - Searing Ray           Conj           100%       2d8       1%          2
c - Dazzling Flash        Conj/Hex       100%       N/A       1%          3
d - Mephitic Cloud        Conj/Pois/Air  41%        N/A       2%          3
e - Summon Guardian Gole  Hex/Summ       57%        N/A       1%          3
f - Summon Mana Viper     Hex/Summ       57%        N/A       6%          5
g - Apportation           Tloc           26%        N/A       6%          1
h - Summon Lightning Spi  Summ/Air       55%        N/A       2%          4

Your spell library contained the following spells:

 Spells                   Type           Power      Damage    Failure   Level
 Slow                     Hex            100%       N/A       1%          1
 Summon Small Mammal      Summ           100%       N/A       1%          1
 Static Discharge         Conj/Air       53%        3-10/arc  1%          2
 Confusing Touch          Hex            53%        N/A       1%          3
 Tukima's Dance           Hex            53%        N/A       1%          3
 Ensorcelled Hibernation  Hex/Ice        68%        N/A       2%          2
 Fulminant Prism          Conj/Hex       27%        3d14      2%          4
 Cause Fear               Hex            26%        N/A       3%          4
 Airstrike                Air            25%        2d(4-20)  4%          4
 Necrotise                Necr           52%        1d6       6%          1
 Sublimation of Blood     Necr           13%        N/A       9%          2
 Wereblood                Tmut           13%        N/A       9%          2
 Lightning Bolt           Conj/Air       26%        1d42      10%         5
 Iskenderun's Mystic Bla  Conj/Tloc      36%        2d9       12%         4
 Anguish                  Hex/Necr       17%        N/A       14%         4
 Ignite Poison            Fire/Tmut/Pois 13%        N/A       19%         3
 Spider Form              Tmut/Pois      13%        N/A       19%         3
 Freezing Cloud           Conj/Ice/Air   20%        6-21      24%         5
 Olgreb's Toxic Radiance  Pois           13%        N/A       52%         4
 Summon Hydra             Summ           30%        N/A       78%         7
 Spellforged Servitor     Conj/Summ      29%        N/A       86%         7
 Orb of Destruction       Conj           28%        9d9       91%         7
 Ozocubu's Refrigeration  Ice            6%         4d8       100%        7
 Ignition                 Fire           6%         3d4       100%        8
 Maxwell's Capacitive Co  Air            25%        ∞         100%        8


Dungeon Overview and Level Annotations

Branches:
Dungeon (12/15)            Temple (1/1) D:5            Lair (0/5) D:11
    Orc (0/2) D:12          IceCv (1/1)

Altars:
Ashenzari
Cheibriados
Dithmenos
Fedhas
Gozag
Hepliaklqana
Kikubaaqudgha
Makhleb
Nemelex Xobeh
Okawaru
Qazlal
Ru
Sif Muna
Trog
Uskayaw
Vehumet
Wu Jian
Xom
Yredelemnul

Shops:
D:2 ?   D:3 [   D:12 ?

Annotations:
D:3 1 runed translucent door, Crazy Yiuf
D:9 3 runed translucent doors, xian's ghost, novice DsHW
D:11 2 transporters, Icepheonix32's ghost, journeyman MiFi


Innate Abilities, Weirdness & Mutations

You have a pair of small horns on your head.
You are surrounded by a strong repulsion field. (EV +4, RMsl)
A weak demonic guardian rushes to your aid.


Message History

The troll simulacrum freezes your mana viper!
The troll simulacrum claws your mana viper.
The troll simulacrum freezes your mana viper!
Your mana viper seems to slow down.
Your mana viper bites the troll simulacrum.
The troll simulacrum closely misses your mana viper. x2
The troll simulacrum claws your mana viper.
The troll simulacrum freezes your mana viper!
Your mana viper bites the troll simulacrum.
The troll simulacrum bites your mana viper!
Your mana viper dies!
Your mana viper disappears in a puff of smoke!
Casting: Summon Mana Viper (dangerous; 6% risk of failure)
Confirm with . or Enter, or press ? or * to list all spells.
You don't have enough magic to cast this spell.
Unknown command.
Unknown command.
You enter the shallow water.
Moving in this stuff is going to be slow.
The anaconda simulacrum barely misses you. x2
The anaconda simulacrum grabs you.
The anaconda simulacrum bites you but does no damage.
The anaconda simulacrum constricts you. The anaconda simulacrum bites you!
A demonic guardian appears!
The anaconda simulacrum freezes you! You resist.
* * * LOW HITPOINT WARNING * * *
The anaconda simulacrum constricts you.
* * * LOW HITPOINT WARNING * * *
The anaconda simulacrum misses you. The anaconda simulacrum constricts you.
* * * LOW HITPOINT WARNING * * *
The anaconda simulacrum's grasp on you weakens, but your attempt to escape fails.
The anaconda simulacrum barely misses you.
The anaconda simulacrum constricts you.
The anaconda simulacrum's grasp on you weakens, but your attempt to escape fails.
The anaconda simulacrum misses you. The anaconda simulacrum constricts you.
* * * LOW HITPOINT WARNING * * *
The anaconda simulacrum bites you!
* * * LOW HITPOINT WARNING * * *
The anaconda simulacrum freezes you! You resist.
You die...
Your body crumbles into a pile of gold.

######## ######### #
##....Z.######5.#....### #
####.....##..##~@##.#.....### ##
..#...Z######Z~Z#####.###...####.
#...####≈≈≈≈≈~~## ### ###...#..
##### ###≈≈≈≈≈≈≈# #########...
Z######.##≈≈≈≈≈≈≈# ###...########
#.Z#.#..≈≈≈≈≈≈≈≈≈###..##...(.##
###..##.#≈≈≈≈≈≈≈≈#..###...⌠...##
###Z...#≈≈≈≈≈≈##...##........#
####.###≈≈≈##..#########...#


You could see an anaconda simulacrum (ally target), a troll simulacrum and a
friendly iron imp (summoned).

Vanquished Creatures
  Joseph (D:9)
  A kobold demonologist (D:10)
  Grinder (D:6)
  A shadow (D:10)
  A wyvern (D:7)
  A steam dragon (D:8)
  Edmund (D:6)
  Menkaure (D:6)
  A water moccasin (D:7)
  An ice beast (D:7)
  4 sky beasts
  4 ogres
  A centaur (D:8)
  3 phantoms
  2 kobold brigands
  5 bullfrogs
  2 necrophages
  2 scorpions (D:6)
  17 wights
  A howler monkey (D:8)
  2 hounds (D:5)
  A quasit (D:6)
  4 orc priests
  A jelly (D:7)
  4 iguanas
  14 orc wizards
  20 gnolls
  8 adders
  5 shadow imps
  3 white imps
  9 ufetubi
  A worm (D:5)
  3 dart slugs
  24 orcs
  6 endoplasms
  4 giant cockroaches
  18 goblins
  13 hobgoblins
  6 jackals (D:2)
  8 kobolds
  7 quokkas
  5 ball pythons
  3 bats
  2 frilled lizards (D:3)
  8 rats
230 creatures vanquished.

Vanquished Creatures (collateral kills)
  Harold (D:11)
  A boulder beetle (D:11)
  5 two-headed ogres (D:11)
  An obsidian statue (D:9)
  2 ugly things (D:11)
  3 cyclopes
  An elephant (D:11)
  An ice statue (IceCv)
  A gargoyle (D:11)
  2 rime drakes (D:12)
  An anaconda simulacrum (IceCv)
  A freezing wraith (IceCv)
  A shadow (D:11)
  A wyvern (D:11)
  A vampire (D:9)
  2 yaks (D:11)
  3 basilisks
  3 death yak simulacra (IceCv)
  An ice beast (D:11)
  An ogre (D:11)
  2 cane toad simulacra (IceCv)
  5 two-headed ogre simulacra (IceCv)
  2 elephant simulacra (IceCv)
  3 killer bees (D:9)
  4 polar bear simulacra (IceCv)
  5 spriggan simulacra (IceCv)
  2 troll simulacra (IceCv)
  2 wolf simulacra (IceCv)
  A gnoll (D:10)
  6 naga simulacra (IceCv)
  5 white imps
  7 ufetubi (IceCv)
  A hobgoblin (D:1)
78 creatures vanquished.

Vanquished Creatures (others)
  An ogre mage (D:11)
  2 two-headed ogres (D:11)
  Lodul (D:10)
  2 trolls
  A wraith (D:9)
  15 yaks
  2 acid dragons (D:11)
  A hydra simulacrum (IceCv)
  An orc warrior (D:8)
  6 ogres
  A bullfrog (D:9)
  2 gnoll sergeants
  2 howler monkeys
  3 gnolls (D:9)
  A fungus (D:5)
  7 plants (D:9)
48 creatures vanquished.

Grand Total: 356 creatures vanquished

Notes
Turn   | Place    | Note
-------+----------+-------------------------------------------
     0 | D:1      | croobank the Demonspawn Conjurer began the quest for the
                  | Orb.
     0 | D:1      | Reached XP level 1. HP: 13/13 MP: 3/3
   257 | D:1      | Gained mutation: You are surrounded by a mild repulsion
                  | field. (EV +2) [demonic ancestry]
   257 | D:1      | Reached XP level 2. HP: 17/19 MP: 0/5
   427 | D:1      | Found a faded altar of an unknown god.
   705 | D:1      | You fall into a shaft and drop 1 floor!
   836 | D:2      | Learned a level 2 spell: Searing Ray
  1006 | D:2      | Reached XP level 3. HP: 24/24 MP: 3/6
  1376 | D:2      | Found Kuky Puisch's Magic Scroll Shop.
  1379 | D:2      | Bought a scroll of identify for 20 gold pieces
  1750 | D:3      | Gained mutation: You have a pair of small horns on your
                  | head. [demonic ancestry]
  1750 | D:3      | Reached XP level 4. HP: 30/30 MP: 2/7
  1754 | D:3      | Learned a level 3 spell: Dazzling Flash
  1920 | D:3      | Found Jucon's Antique Armour Emporium.
  2369 | D:3      | Reached skill level 1 in Fighting
  2483 | D:3      | Found a blossoming altar of Fedhas.
  2529 | D:3      | Found a runed translucent door.
  2530 | D:3      | Noticed Crazy Yiuf
  2595 | D:3      | Reached skill level 1 in Hexes
  2595 | D:3      | Reached XP level 5. HP: 28/37 MP: 4/9
  3073 | D:4      | Reached skill level 2 in Fighting
  3418 | D:4      | Noticed a phantom
  3458 | D:4      | Killed a phantom
  3459 | D:4      | Reached XP level 6. HP: 23/46 MP: 7/10
  4164 | D:5      | Entered Level 5 of the Dungeon
  4388 | D:5      | Reached skill level 5 in Conjurations
  4393 | D:5      | Reached skill level 3 in Fighting
  4692 | D:5      | Found a staircase to the Ecumenical Temple.
  4712 | Temple   | Entered the Ecumenical Temple
  4936 | D:5      | Reached XP level 7. HP: 41/52 MP: 6/12
  5996 | D:6      | Reached skill level 4 in Fighting
  6059 | D:6      | Noticed Menkaure
  6082 | D:6      | Killed Menkaure
  6218 | D:6      | Reached XP level 8. HP: 46/61 MP: 8/14
  6523 | D:6      | Noticed Grinder
  6542 | D:6      | Paralysed by Grinder for 5 turns
  6551 | D:6      | Killed Grinder
  6552 | D:6      | Reached skill level 5 in Fighting
  7298 | D:6      | Found an opulent altar of Gozag.
  7298 | D:6      | Noticed Edmund
  7304 | D:6      | Learned a level 3 spell: Mephitic Cloud
  7316 | D:6      | Killed Edmund
  7336 | D:6      | Became a worshipper of Gozag Ym Sagoz the Greedy
  7493 | D:7      | Reached skill level 6 in Fighting
  7753 | D:7      | Gained mutation: You are surrounded by a moderate repulsion
                  | field. (EV +3) [demonic ancestry]
  7753 | D:7      | Reached XP level 9. HP: 69/69 MP: 3/16
  7899 | D:7      | Reached skill level 5 in Spellcasting
  7905 | D:7      | Reached skill level 5 in Dodging
  8506 | D:7      | Reached skill level 7 in Fighting
  8862 | D:7      | Identified a scroll of acquirement
  8862 | D:7      | Acquired the Guide on the Maledictive Throng
  8868 | D:7      | Learned a level 3 spell: Summon Guardian Golem
  8874 | D:7      | Learned a level 5 spell: Summon Mana Viper
  9479 | D:8      | Reached skill level 5 in Hexes
  9479 | D:8      | Reached skill level 1 in Summonings
 11164 | D:8      | Gained mutation: You are surrounded by a strong repulsion
                  | field. (EV +4, RMsl) [demonic ancestry]
 11164 | D:8      | Reached XP level 10. HP: 42/71 MP: 18/18
 12256 | D:8      | Reached skill level 8 in Fighting
 12586 | D:9      | Noticed an obsidian statue
 12609 | D:9      | Found a runed translucent gate.
 12609 | D:9      | Found a runed translucent gate.
 12611 | D:9      | Found a runed translucent gate.
 12618 | D:9      | Noticed xian's ghost (novice DsHW)
 12728 | D:9      | Noticed Joseph
 12766 | D:9      | Killed Joseph
 14381 | D:10     | Entered Level 10 of the Dungeon
 14851 | D:10     | Reached skill level 5 in Summonings
 14860 | D:10     | Identified the ring "Kaecisif" {rElec Will+ Int+5 SInv}
 14873 | D:10     | Learned a level 1 spell: Apportation
 14942 | D:10     | Found a stormy altar of Qazlal.
 14947 | D:10     | Found an ornate altar of the Wu Jian Council.
 14947 | D:10     | Found a broken altar of Ashenzari.
 15338 | D:10     | Gained mutation: A weak demonic guardian rushes to your
                  | aid. [demonic ancestry]
 15338 | D:10     | Reached XP level 11. HP: 53/86 MP: 11/21
 15353 | D:10     | Noticed Lodul
 15378 | D:10     | Killed Lodul
 16185 | D:9      | Learned a level 4 spell: Summon Lightning Spire
 16207 | D:9      | Noticed a sixfirhy
 16236 | D:9      | Identified the +7 morningstar "Fionnaun" {speed, +Blink
                  | Str-5 Int+2 Stlth+} (You found it on level 9 of the
                  | Dungeon)
 16255 | D:9      | Noticed a soul eater
 16416 | D:9      | Noticed a soul eater
 16425 | D:9      | Killed an obsidian statue
 16426 | D:9      | Reached skill level 1 in Air Magic
 16986 | D:11     | Noticed a two-headed ogre
 16997 | D:11     | Killed a two-headed ogre
 17009 | D:11     | Noticed Harold
 17017 | D:11     | Killed Harold
 17018 | D:11     | Noticed a white ugly thing
 17025 | D:11     | Killed a white ugly thing
 17220 | D:11     | Noticed a boulder beetle
 17258 | D:11     | Killed a boulder beetle
 17792 | D:11     | Found a transporter.
 17802 | D:11     | Noticed a two-headed ogre
 17802 | D:11     | Noticed a two-headed ogre
 17803 | D:11     | Noticed a two-headed ogre
 17803 | D:11     | Noticed a two-headed ogre
 17803 | D:11     | Noticed an ogre mage
 17804 | D:11     | Noticed a two-headed ogre
 17812 | D:11     | Killed an ogre mage
 17820 | D:11     | Killed a two-headed ogre
 17821 | D:11     | Reached skill level 9 in Fighting
 17826 | D:11     | Killed a two-headed ogre
 17831 | D:11     | Killed a two-headed ogre
 17832 | D:11     | Reached XP level 12. HP: 95/95 MP: 8/24
 17835 | D:11     | Killed a two-headed ogre
 17855 | D:11     | Noticed Icepheonix32's ghost (journeyman MiFi)
 17860 | D:11     | Noticed a two-headed ogre
 17889 | D:11     | Found a transporter.
 17889 | D:11     | Identified the +8 great mace "Zuxannanoy" {venom, rF+
                  | Int+2}
 17889 | D:11     | Noticed a two-headed ogre
 17890 | D:11     | Noticed a two-headed ogre
 17913 | D:11     | Noticed a two-headed ogre
 17945 | D:11     | Killed a two-headed ogre
 17946 | D:11     | Reached skill level 5 in Air Magic
 17958 | D:11     | Found a staircase to the Lair.
 18017 | D:11     | Killed a two-headed ogre
 19380 | D:12     | Found Ivoedapt's Magic Scroll Emporium.
 19390 | D:12     | Bought a scroll of blinking for 105 gold pieces
 19390 | D:12     | Bought a scroll of immolation for 56 gold pieces
 19390 | D:12     | Bought a scroll of immolation for 56 gold pieces
 19395 | D:12     | Found a frozen archway.
 19416 | IceCv    | Entered an ice cave
 20304 | IceCv    | Slain by an anaconda simulacrum

Illustrated notes

Levels and vault maps discovered:
D:1:      scummos_arrival_checkerplants, layout_loops_ring,
          chequers_ecumenical_altar_simple_redux, chequers_serial_rivers_small_3
D:2:      layout_rooms, serial_shops, nicolae_shop_behind_doors
D:3:      cheibrodos_greedy_goblins, layout_loops_ring, fedhas_altar_fruit_tree,
          serial_shops, nicolae_square_shop, uniq_crazy_yiuf_cottage
D:4:      layout_loops_ring
D:5:      layout_gridville, minmay_temple_entry_proselytizer,
          dreamdust_gnoll_farm
D:6:      layout_loops_corners, nicolae_gozag_seed_capital, serial_demonic,
          serial_demonic_f, serial_demonic_f, serial_demonic_a,
          serial_demonic_b, serial_demonic_e, serial_demonic_a, minivault_1,
          uniq_menkaure, uniq_edmund, uniq_grinder
D:7:      layout_basic, minmay_fractal_squares_5
D:8:      layout_cave_pods, roderic_lattice_a
D:9:      layout_irregular_city, gammafunk_ghost_split, minmay_protected_statue,
          uniq_joseph
D:10:     layout_irregular_city, grunt_temple_overflow_open, billiards_dpeg,
          uniq_lodul
D:11:     layout_basic, david_lair_generic, gammafunk_ghost_smash,
          minmay_misc_feat_room, uniq_harold
D:12:     layout_roguey, kennysheep_orc_monster_closet_entryway,
          portal_ice_cave_rime, serial_shops, nicolae_shop_crystal, serial_ice,
          serial_ice_k, serial_ice_n, serial_ice_h, serial_ice_o, serial_ice_m,
          serial_ice_b, hangedman_parallel_progression
Temple:   regret_index_temple_sphere_string
IceCv:    ice_cave_caverns_02

Skill      XL: |  1  2  3  4  5  6  7  8  9 10 11 12 |
---------------+-------------------------------------+-----
Stealth        | 2 |  2.6
Dodging        | 2 3 4 5 6 7 |  7.6
Fighting       | 1 2 3 4 6 7 8 9 |  9.7
Hexes          | 1 2 3 4 5 7 |  7.0
Spellcasting   | 3 4 5 6 8 |  8.7
Conjurations   | 5 6 7 |  7.7
Summonings     | 2 6 8 |  8.9
Air Magic      | 4 6 |  6.1

Action                   |  1- 3 |  4- 6 |  7- 9 | 10-12 || total
-------------------------+-------+-------+-------+-------++-------
Melee: Unarmed           |     7 |       |       |       ||     7
       Staff             |    39 |       |       |       ||    39
       Punch             |     2 |     1 |     5 |     4 ||    12
       Short sword       |    67 |   138 |    13 |       ||   218
       Headbutt          |       |    23 |    40 |    45 ||   108
       War axe           |       |       |   165 |   157 ||   322
       Flail             |       |       |    41 |    11 ||    52
       Dagger            |       |       |     1 |     7 ||     8
 Cast: Magic Dart        |    63 |    70 |   138 |    19 ||   290
       Searing Ray       |       |     6 |    32 |     9 ||    47
       Dazzling Flash    |       |     1 |       |       ||     1
       Mephitic Cloud    |       |       |     3 |     1 ||     4
       Summon Guardian G |       |       |     1 |    58 ||    59
       Summon Mana Viper |       |       |       |    45 ||    45
       Apportation       |       |       |       |    11 ||    11
       Summon Lightning  |       |       |       |    26 ||    26
Evoke: Wand              |       |       |     4 |     1 ||     5
  Use: Scroll            |     8 |     8 |    11 |     4 ||    31
       Potion            |       |     1 |     5 |     5 ||    11
 Stab: Sleeping          |     2 |     4 |     1 |       ||     7
       Confused          |       |       |     2 |     2 ||     4
       Invisible         |       |       |       |     5 ||     5
       Distracted        |       |       |       |     1 ||     1
Armor: Leather armour    |    52 |    59 |   101 |    80 ||   292
       Skin              |       |       |    18 |       ||    18
Dodge: Dodged            |   101 |   137 |   201 |   326 ||   765
       Repelled          |       |       |       |     4 ||     4
